 Dungeon Crawl Stone Soup version 0.26-a0-154-g3d63440f56 (webtiles) character file.

Game seed: 5173020953966581933

50 Gargoyl the Skirmisher (level 3, -5/31 HPs)
             Began as a Centaur Abyssal Knight on July 1, 2020.
             Was a Follower of Lugonu.
             Killed by divine providence
             ... invoked by an orc priest
              (14 damage)
             ... on level 2 of the Dungeon.
             The game lasted 00:01:47 (1557 turns).

Gargoyl the Skirmisher (Centaur Abyssal Knight)     Turns: 1557, Time: 00:01:48

Health: -5/31      AC:  8    Str: 14    XL:     3   Next: 55%
Magic:  4/4        EV:  4    Int: 11    God:    Lugonu [*.....]
Gold:   35         SH:  0    Dex:  9    Spells: 2/2 levels left

rFire    . . .     SeeInvis .   a - +1 hand axe
rCold    . . .     Faith    .   (no shield)
rNeg     . . .     Spirit   .   d - +0 chain mail
rPois    .         Reflect  .   (no helmet)
rElec    .         Harm     .   (no cloak)
rCorr    .                      l - +0 pair of gloves
MR       .....                  (no barding)
Stlth    ..........             (no amulet)
HPRegen  0.10/turn              (no ring)
MPRegen  0.09/turn              (no ring)

@: very quick
A: large, hooves 3, deformed body, speed 2, tough skin 3
a: Depart the Abyss, Renounce Religion


You were on level 2 of the Dungeon.
You worshipped Lugonu.
Lugonu was aware of your devotion.
You were not hungry.

You visited 1 branch of the dungeon, and saw 2 of its levels.
You visited the Abyss 1 time.

You collected 35 gold pieces.

Inventory:

Hand Weapons
 a - a +1 hand axe (weapon)
Armour
 d - a +0 chain mail (worn)
 l - a +0 pair of gloves (worn)
Scrolls
 h - a scroll of identify
 i - a scroll of noise {unknown}
 k - a scroll of remove curse
Potions
 e - a potion of curing
 g - a potion of heal wounds
 j - a potion of magic
Comestibles
 c - 4 rations
 f - 4 chunks of flesh


   Skills:
 + Level 3.4 Fighting
 + Level 2.2 Axes
 * Level 1.9 Armour
 * Level 1.2 Dodging
 * Level 2.3 Invocations


You had 2 spell levels left.
You didn't know any spells.
Your spell library was empty.

Dungeon Overview and Level Annotations

Branches:
Dungeon (2/15)

Altars:


Innate Abilities, Weirdness & Mutations

You have hooves in place of feet.
Armour fits poorly on your strangely shaped body.
You cover ground very quickly.
You have extremely tough skin. (AC +3)


Message History

The orc hits you.
Your chain mail prevents you from hitting the orc.
The orc is almost dead.
The orc hits you but does no damage. The orc hits you.
You hit the orc.
You kill the orc!
Lugonu accepts your kill.
You hit the orc. You kick the orc.
You kill the orc!
Lugonu accepts your kill.
You closely miss the orc. Your kick misses the orc. The orc hits you.
The orc priest calls down the wrath of Beogh upon you.
Beogh smites you!
* * * LOW HITPOINT WARNING * * *
You hit the orc. You kick the orc.
You kill the orc!
Lugonu accepts your kill.
The orc priest invokes the aid of Beogh against you.
Beogh smites you!
You die...

###### #....# #....#
############ #....#
......o@...# #....#
##########.#######....##
.....................
########.(..รท####.###
#....[# #.# # #####....#
#.# # #........####.# #
#......#....#.###
#......#....#.##.


You could see an orc priest.

Vanquished Creatures
  An adder (D:2)
  3 dart slugs
  A leopard gecko (D:1)
  3 orcs (D:2)
  3 bats (D:1)
  3 hobgoblins (D:1)
  8 kobolds
  3 frilled lizards (D:1)
  3 goblins (D:1)
  5 rats
33 creatures vanquished.

Notes
Turn   | Place    | Note
-------+----------+-------------------------------------------
     0 | Abyss:1  | Gargoyl the Centaur Abyssal Knight began the quest for the
                  | Orb.
     0 | Abyss:1  | Reached XP level 1. HP: 19/19 MP: 2/2
    53 | Abyss:2  | Noticed a tentacled monstrosity
    58 | Abyss:2  | Noticed a small abomination
    60 | Abyss:2  | Noticed a spatial vortex
    74 | D:1      | Escaped the Abyss
   369 | D:1      | Reached * piety under Lugonu
   401 | D:1      | Reached XP level 2. HP: 26/26 MP: 3/3
   474 | D:1      | Reached skill level 1 in Dodging
  1068 | D:1      | Reached XP level 3. HP: 24/31 MP: 4/4
  1557 | D:2      | Killed from afar by an orc priest

Illustrated notes

Levels and vault maps discovered:
D:1:      minmay_arrival_loop, layout_basic, ebering_dispersal_statue_hall,
          minmay_pentomino_s2
D:2:      layout_basic, uniq_jessica, uniq_robin, uniq_terence

Skill      XL: |  1  2 |
---------------+-------+-----
Dodging        | 1 |  1.2
Axes           | 2 |  2.2
Fighting       | |  3.4
Armour         | |  1.9
Invocations    | |  2.3

Action                   || total
-------------------------++-------
Melee: Hand axe          ||   104
       Kick              ||    15
Invok: Depart the Abyss  ||     1
  Use: Potion            ||     1
       Scroll            ||     5
  Eat: Chunk             ||     1
Armor: Chain mail        ||    67
Dodge: Dodged            ||    23

Table legend:
 A = Non-vault XP
 B = Vault XP
 C = Vault XP percentage of total XP
 D = Non-vault monster count
 E = Vault monster count
 F = Vault count percentage of total count
                 A         B        C        D         E       F
            +---------+---------+-------+---------+---------+-------
      Total |      70 |       2 |   2.8 |      32 |       1 |   3.0
            +---------+---------+-------+---------+---------+-------
        D:1 |      41 |       2 |   4.7 |      24 |       1 |   4.0
        D:2 |      29 |       0 |   0.0 |       8 |       0 |   0.0
            +---------+---------+-------+---------+---------+-------
